 Dungeon Crawl Stone Soup version 0.22.0-6-g71bd7aa (webtiles) character file.

13804 Maimakterion the Spry (level 12, -2/159 HPs)
             Began as a Merfolk Monk on Aug 14, 2018.
             Was a High Priest of Okawaru.
             Killed from afar by Azrael (33 damage)
             ... with a fireball
             ... on level 12 of the Dungeon.
             The game lasted 00:25:38 (13823 turns).

Maimakterion the Spry (Merfolk Monk)               Turns: 13823, Time: 00:25:39

Health: -2/159     AC: 26    Str: 16    XL:     12   Next: 9%
Magic:  10/12      EV:  2    Int:  9    God:    Okawaru [*****.]
Gold:   858        SH:  0    Dex: 22    Spells: 3/11 levels left

rFire    . . .     SeeInvis +   y - +5 halberd (freeze) (curse)
rCold    . . .     Gourm    .   (shield currently unavailable)
rNeg     + + +     Faith    .   (armour currently unavailable)
rPois    +         Spirit   .   (helmet currently unavailable)
rElec    .         Reflect  .   (cloak currently unavailable)
rCorr    .         Harm     .   (gloves currently unavailable)
MR       .....     NoTele   +   (boots currently unavailable)
Stlth    +++++.....             (no amulet)
HPRegen  0.36/turn              F - ring of see invisible
MPRegen  0.13/turn              (no ring)

@: agile, tree-form (expiring), heroism
A: (change form in water), (swift swim), (stealthy swim)
a: Heroism, Finesse, Renounce Religion


You were on level 12 of the Dungeon.
You worshipped Okawaru.
Okawaru was extremely pleased with you.
You were not hungry.
You were a tree.
You visited 2 branches of the dungeon, and saw 13 of its levels.
You also visited: Sewer.

You collected 858 gold pieces.

Inventory:

Hand Weapons
 g - a +3 spear of flaming
 i - a +0 trident of flaming
 y - a cursed +5 halberd of freezing (weapon)
 K - a +2 trident of venom
Missiles
 e - 3 throwing nets (quivered)
Armour
 b - a +0 robe
 d - a +0 robe (melded)
 f - a +1 helmet (melded)
 k - a +0 pair of boots (melded)
 m - a +0 cloak (melded)
 r - a cursed +0 leather armour
Jewellery
 F - a ring of see invisible (left branch)
 M - a cursed -2 ring of dexterity {unknown}
Wands
 o - a wand of random effects (26)
 q - a wand of polymorph (27)
 t - a wand of scattershot (12)
 x - a wand of enslavement (12)
Scrolls
 a - 2 scrolls of random uselessness {unknown}
 h - 3 scrolls of teleportation
 l - a scroll of fear
 n - 3 scrolls of enchant weapon
 p - a scroll of enchant armour
 A - a scroll of magic mapping {unknown}
 B - a scroll of blinking
 E - a scroll of fog
 H - 2 scrolls of amnesia
 J - a scroll of noise {unknown}
 N - a scroll of brand weapon {unknown}
Potions
 j - 6 potions of curing
 s - a potion of invisibility
 v - a potion of mutation
 z - a potion of magic
 C - 3 potions of brilliance {unknown}
 D - 3 potions of cancellation
 G - 2 potions of flight {unknown}
Miscellaneous
 L - 2 phantom mirrors
Comestibles
 c - 35 rations


   Skills:
 + Level 13.7(18.7) Fighting
 - Level 12.0(17.0) Polearms
 - Level 15.3(20.3) Dodging
 - Level 2.1(7.1) Stealth


You had 3 spell levels left.
You knew the following spells:

 Your Spells              Type           Power        Failure   Level  Hunger
a - Confuse               Hex            #.......     77%         3    ####...
b - Swiftness             Chrm/Air       #.......     52%         2    ###....
c - Regeneration          Chrm/Necr      #.........   77%         3    ####...

Your spell library contained the following spells:

 Spells                   Type           Power        Failure   Level  Hunger
 Magic Dart               Conj           #...         38%         1    ##.....
 Conjure Flame            Conj/Fire      #.......     77%         3    ####...
 Lightning Bolt           Conj/Air       #.........   100%        5    ######.
 Slow                     Hex            #.......     52%         2    ###....
 Mephitic Cloud           Conj/Pois/Air  #.......     77%         3    ####...
 Blink                    Tloc           N/A          52%         2    ###....
 Animate Dead             Necr           N/A          99%         4    #####..
 Pain                     Necr           #...         38%         1    ##.....
 Animate Skeleton         Necr           N/A          38%         1    ##.....
 Vampiric Draining        Necr           #.........   77%         3    ####...
 Call Imp                 Summ           #.......     52%         2    ###....
 Tukima's Dance           Hex            #.......     77%         3    ####...
 Stone Arrow              Conj/Erth      #.....       77%         3    ####...
 Shock                    Conj/Air       #...         38%         1    ##.....
 Spider Form              Tmut/Pois      #.........   77%         3    ####...
 Blade Hands              Tmut           #.........   100%        5    ######.
 Ice Form                 Ice/Tmut       #.......     99%         4    #####..
 Airstrike                Air            #.........   99%         4    #####..
 Passwall                 Tmut/Erth      #.......     52%         2    ###....
 Sticks to Snakes         Tmut           #.......     52%         2    ###....
 Ensorcelled Hibernation  Hex/Ice        #.....       52%         2    ###....
 Static Discharge         Conj/Air       #.......     77%         3    ####...
 Corona                   Hex            #......      38%         1    ##.....
 Lee's Rapid Deconstruct  Erth           #.........   100%        5    ######.
 Sandblast                Erth           #.....       38%         1    ##.....
 Petrify                  Tmut/Erth      #.......     99%         4    #####..
 Beastly Appendage        Tmut           #.....       38%         1    ##.....
 Dazzling Spray           Conj/Hex       #.....       77%         3    ####...


Dungeon Overview and Level Annotations

Branches:
Dungeon (12/15)            Temple (1/1) D:7            Lair (0/6) D:11
    Orc (0/2) D:10

Altars:
Ashenzari
Cheibriados
Dithmenos
Elyvilon
Fedhas
Gozag
Hepliaklqana
Kikubaaqudgha
Makhleb
Nemelex Xobeh
Okawaru
Qazlal
Ru
Sif Muna
Trog
Uskayaw
Vehumet
Wu Jian
Xom
Yredelemnul
Zin
The Shining One

Shops:
D:4 :

Annotations:
D:12 Azrael


Message History

Azrael hits you but does no damage.
Unknown command.
You gain the combat prowess of a mighty hero.
Azrael barely misses you.
Unknown command.
Unknown command.
You puncture Azrael! You freeze Azrael!
Azrael is severely wounded.
Azrael hits you but does no damage.
Unknown command.
Unknown command.
You hit Azrael but do no damage.
Azrael is severely wounded.
Unknown command.
You slice Azrael!! You freeze Azrael.
Azrael is almost dead.
You hear a shout!
Azrael gestures at you.
The fireball explodes!
The fireball engulfs you!
You die...

#.####.####.### #(##.##.
#....#.####.### #.#..##.
#.##.#.#......# #.#.###.
#.##.#.#..###.# #.......
#.............#######.####
####.#.#..............#
#.#.#.##.#.#########
#...#(##.#.# #####.♣Rh..#
####Y### #Y..# #.§.# #...#
#...# #..V# #...# .....


You could see Azrael, a yak and a hell hound.

Vanquished Creatures
  Harold (D:7)
  2 two-headed ogres
  Nergalle (D:11)
  Pikel (D:7)
  A deep elf mage (D:12)
  A manticore (D:12)
  3 centaur skeletons
  2 trolls (D:12)
  The ghost of Rexfelis the Skirmisher, an amateur HuWn of Yredelemnul (D:3)
  A wraith (D:11)
  2 wyverns
  14 yaks
  A hungry ghost (D:12)
  Menkaure (D:5)
  An acid dragon (D:12)
  A water moccasin (D:7)
  Duvessa (D:6)
  3 ice beasts
  2 orc warriors
  2 slaves (D:7)
  5 ogres
  3 black bears
  2 phantoms
  An eye of draining (D:10)
  7 centaurs
  A crocodile (Sewer)
  2 big kobolds
  9 bullfrogs
  Dowan (D:6)
  A wyvern skeleton (D:12)
  3 scorpions
  A water moccasin skeleton (D:8)
  8 killer bees
  2 howler monkeys (D:11)
  15 wights
  3 crimson imps
  A bullfrog zombie (D:10)
  3 jellies
  A bullfrog skeleton (D:5)
  3 hounds
  7 orc priests
  Crazy Yiuf (D:3)
  6 iguanas
  9 orc wizards
  Ijyb (D:4)
  Terence (D:3)
  Natasha (thrice) (D:3 D:6)
  A hell rat (D:11)
  8 worker ants
  2 hound zombies
  A howler monkey skeleton (D:8)
  4 gnolls (D:7)
  5 river rats
  18 adders
  3 shadow imps
  An ooze (D:3)
  An adder zombie (D:9)
  3 adder skeletons
  5 worms
  A dart slug (D:1)
  3 leopard geckos
  29 orcs
  4 ball pythons
  14 bats
  5 giant cockroaches
  6 goblins
  4 hobgoblins
  19 jackals
  8 quokkas
  7 frilled lizards
  9 kobolds
  A quokka skeleton (D:5)
  A quokka zombie (D:5)
  11 rats
316 creatures vanquished.

Vanquished Creatures (others)
  An adder (D:12)
  An orc (D:7)
  A kobold (D:12)
3 creatures vanquished.

Grand Total: 319 creatures vanquished

Notes
Turn   | Place    | Note
-------+----------+-------------------------------------------
     0 | D:1      | Maimakterion the Merfolk Monk began the quest for the Orb.
     0 | D:1      | Reached XP level 1. HP: 18/18 MP: 1/1
    96 | D:1      | Reached skill level 5 in Polearms
    98 | D:1      | Reached XP level 2. HP: 23/24 MP: 2/2
   389 | D:1      | Reached XP level 3. HP: 29/29 MP: 3/3
  1173 | D:2      | Reached XP level 4. HP: 35/35 MP: 4/4
  1942 | D:3      | Reached XP level 5. HP: 27/41 MP: 5/5
  2386 | D:3      | Noticed Terence
  2393 | D:3      | Killed Terence
  2666 | D:3      | Found a large runed door.
  2666 | D:3      | Found a large runed door.
  2669 | D:3      | Noticed Rexfelis's ghost (amateur HuWn)
  2698 | D:3      | Killed Rexfelis's ghost
  2698 | D:3      | Reached skill level 10 in Polearms
  2698 | D:3      | Reached XP level 6. HP: 30/47 MP: 6/6
  2705 | D:3      | Noticed Natasha
  2709 | D:3      | Killed Natasha
  2709 | D:3      | Reached XP level 7. HP: 34/52 MP: 7/7
  2832 | D:3      | Found a runed door.
  2932 | D:3      | Noticed Crazy Yiuf
  2937 | D:3      | Killed Crazy Yiuf
  3145 | D:4      | Noticed Ijyb
  3160 | D:4      | Killed Ijyb
  3256 | D:4      | Found Xifuep's Book Boutique.
  3877 | D:5      | Entered Level 5 of the Dungeon
  3893 | D:5      | Noticed Menkaure
  3904 | D:5      | Killed Menkaure
  3904 | D:5      | Reached skill level 5 in Dodging
  3981 | D:5      | Found a glowing silver altar of Zin.
  4094 | D:5      | Learned a level 3 spell: Confuse
  4186 | D:5      | Reached XP level 8. HP: 58/58 MP: 8/8
  4195 | D:5      | Reached skill level 6 in Dodging
  4298 | D:5      | Reached skill level 7 in Dodging
  4755 | D:6      | Found a shimmering altar of Xom.
  4780 | D:6      | Noticed Duvessa
  4781 | D:6      | Reached skill level 8 in Dodging
  4793 | D:6      | Noticed Dowan
  4823 | D:6      | Killed Duvessa
  4834 | D:6      | Killed Dowan
  4896 | D:6      | Noticed Natasha
  4904 | D:6      | Killed Natasha
  4904 | D:6      | Reached skill level 9 in Dodging
  4945 | D:6      | Noticed Natasha
  4952 | D:6      | Killed Natasha
  4956 | D:6      | Reached skill level 10 in Dodging
  5102 | D:6      | Reached XP level 9. HP: 22/64 MP: 9/9
  5161 | D:6      | Got a jewelled great sword
  5207 | D:6      | Found a glowing drain.
  5213 | D:6      | Reached skill level 11 in Dodging
  5222 | Sewer    | Entered a sewer
  5689 | D:6      | You fall through a shaft for 2 floors!
  5732 | D:8      | Reached skill level 12 in Dodging
  6041 | D:8      | Identified the +10 great sword of Reti {freeze, *Corrode rElec rN+++ Str-5} (You found it on level 6 of the Dungeon)
  6087 | D:8      | Noticed a two-headed ogre
  6109 | D:8      | Killed a two-headed ogre
  6109 | D:8      | Reached skill level 13 in Dodging
  6249 | D:8      | Found a shimmering altar of Xom.
  6270 | D:7      | HP: 3/64 [centaur (4)]
  6288 | D:7      | Reached skill level 14 in Dodging
  6288 | D:7      | HP: 3/64 [wight/mace of draining (6)]
  6288 | D:7      | HP: 1/64 [wight/mace of draining (2)]
  6588 | D:7      | Reached XP level 10. HP: 43/70 MP: 10/10
  6979 | D:7      | Found a sparkling altar of Nemelex Xobeh.
  7007 | D:7      | Noticed Pikel
  7014 | D:7      | Found a staircase to the Ecumenical Temple.
  7053 | D:7      | Killed Pikel
  7053 | D:7      | Reached skill level 15 in Dodging
  7069 | Temple   | Entered the Ecumenical Temple
  7268 | Temple   | Became a worshipper of Warmaster Okawaru
  7268 | Temple   | Reached * piety under Okawaru
  7268 | Temple   | Reached ** piety under Okawaru
  8327 | D:7      | Reached skill level 5 in Fighting
  8356 | D:7      | Noticed Harold
  8402 | D:7      | Killed Harold
  9043 | D:8      | Learned a level 2 spell: Swiftness
  9047 | D:8      | Learned a level 3 spell: Regeneration
  9556 | D:9      | Reached *** piety under Okawaru
  9828 | D:10     | Entered Level 10 of the Dungeon
  9883 | D:10     | Reached XP level 11. HP: 70/87 MP: 11/11
  9909 | D:10     | Found a staircase to the Orcish Mines.
 10241 | D:10     | Reached skill level 10 in Fighting
 10281 | D:10     | Noticed a two-headed ogre
 10304 | D:10     | Killed a two-headed ogre
 10304 | D:10     | Reached **** piety under Okawaru
 11349 | D:11     | You fall through a shaft!
 11834 | D:11     | Noticed a death yak
 11837 | D:11     | Noticed a death yak
 11840 | D:11     | Noticed a death yak
 12284 | D:11     | Reached ***** piety under Okawaru
 12287 | D:11     | Noticed Nergalle
 12996 | D:11     | Found a staircase to the Lair.
 13028 | D:11     | Killed Nergalle
 13759 | D:12     | Reached XP level 12. HP: 102/105 MP: 12/12
 13773 | D:12     | Received a gift from Okawaru
 13806 | D:12     | Noticed Azrael
 13823 | D:12     | Killed from afar by Azrael

Skill      XL: |  1  2  3  4  5  6  7  8  9 10 11 |
---------------+----------------------------------+-----
Polearms       | 5 6 7 8 10 12 | 12.0
Dodging        | 5 10 14 15 | 15.3
Fighting       | 8 13 | 13.7
Stealth        | |  2.1

Action                   |  1- 3 |  4- 6 |  7- 9 | 10-12 || total
-------------------------+-------+-------+-------+-------++-------
Melee: Spear             |    88 |   112 |   129 |       ||   329
       Trident           |       |       |   341 |   768 ||  1109
       Tailslap          |       |       |     3 |       ||     3
       Halberd           |       |       |       |     7 ||     7
Throw: Throwing net      |       |       |       |     2 ||     2
Invok: Heroism           |       |       |       |     2 ||     2
  Use: Scroll            |       |     4 |    10 |     6 ||    20
       Potion            |       |     1 |     4 |     4 ||     9
 Stab: Sleeping          |     9 |     6 |    15 |    10 ||    40
       Held in net/web   |       |       |       |     1 ||     1
       Distracted        |       |       |       |     1 ||     1
  Eat: Chunk             |     1 |     4 |    13 |    18 ||    36
       Ration            |       |       |       |     2 ||     2
Armor: Robe              |     7 |     8 |    31 |    39 ||    85
       Skin              |       |       |       |    17 ||    17
Dodge: Dodged            |    27 |    36 |   296 |   458 ||   817
